 Dungeon Crawl Stone Soup version 0.31.0-11-ge490571c62 (webtiles) character file.

Game seed: 7500415064293205370

258 hawla the Conjurer (level 5, 0/30 HPs)
             Began as a Deep Elf Conjurer on Feb 5, 2024.
             Blown up by Ijyb (5 damage)
             ... with a mindburst bolt
             ... on level 3 of the Dungeon.
             The game lasted 00:05:55 (2589 turns).

hawla the Conjurer (Deep Elf Conjurer)              Turns: 2589, Time: 00:05:55

Health: 0/30       AC:  3    Str:  4    XL:     5   Next: 94%
Magic:  0/11       EV: 12    Int: 25    God:
Gold:   82         SH:  0    Dex: 13    Spells: 7/10 levels left

rFire   . . .        h - staff of air
rCold   . . .        (no shield)
rNeg    . . .        a - +0 robe
rPois   .            (no helmet)
rElec   +            (no cloak)
rCorr   .            (no gloves)
SInv    .            f - +0 pair of boots
Will    .....        (no amulet)
Stlth   ++           (no ring)
HPRegen 0.25/turn    (no ring)
MPRegen 0.12/turn

%: no passive effects
@: no status effects
A: no striking features
a: no special abilities


You were on level 3 of the Dungeon.
You visited 1 branch of the dungeon, and saw 3 of its levels.

You collected 82 gold pieces.

Inventory:

Armour
 a - a +0 robe (worn)
 f - a +0 pair of boots (worn)
Magical Staves
 h - a staff of air (weapon)
Scrolls
 c - 2 scrolls of teleportation
Potions
 b - a potion of magic
 d - a potion of attraction
 e - 2 potions of curing
 g - a potion of degeneration {unknown}


   Skills:
 - Level 2.0 Fighting
 - Level 0.5 Staves
 - Level 2.6 Dodging
 + Level 3.4 Stealth
 + Level 1.2 Shields
 - Level 3.3 Spellcasting
 - Level 4.5 Conjurations
 - Level 3.0 Translocations
 - Level 2.0 Air Magic
 - Level 0.6 Evocations
 - Level 0.7 Shapeshifting


You had 7 spell levels left.
You knew the following spells:

 Your Spells              Type           Power      Damage    Failure   Level
a - Magic Dart            Conj           100%       1d8       1%          1
b - Searing Ray           Conj           52%        2d6       2%          2

Your spell library contained the following spells:

 Spells                   Type           Power      Damage    Failure   Level
 Kiss of Death            Conj/Necr      60%        2d10      3%          1
 Iskenderun's Mystic Bla  Conj/Tloc      23%        2d6       21%         4
 Confusing Touch          Hex            4%         N/A       30%         3
 Fulminant Prism          Conj/Alch      7%         3d7       36%         4
 Dispel Undead            Necr           4%         3d7       69%         4


Dungeon Overview and Level Annotations

Branches:
Dungeon (3/15)

Altars:
Nemelex Xobeh
Trog
Yredelemnul

Shops:
D:1 =

Annotations:
D:3 dig the potion, Ijyb


Message History

g - Guard the area. f - Follow me.
Anything else - Cancel.
Okay, then.
You start resting.
A rat comes into view.
Casting: Magic Dart (safe; 1% risk of failure)
Confirm with . or Enter, or press ? or * to list all spells.
Aiming: Magic Dart (safe; 1% risk of failure)
Press: ? - help, Shift-Dir - straight line, f - rat
Aim: a rat (wandering, hasn't noticed you, 100% to hit)
The magic dart hits the rat but does no damage.
The rat squeaks loudly.
Casting: Magic Dart (safe; 1% risk of failure)
Confirm with . or Enter, or press ? or * to list all spells.
Aiming: Magic Dart (safe; 1% risk of failure)
Press: ? - help, Shift-Dir - straight line, f/p - rat
Aim: a rat (100% to hit)
The magic dart hits the rat.
You kill the rat!
You start resting.
Ijyb is nearby!
Ijyb zaps a wand.
Your mind is blasted!
Ijyb zaps a wand.
You struggle to resist.
Casting: Magic Dart (safe; 1% risk of failure)
Confirm with . or Enter, or press ? or * to list all spells.
Aiming: Searing Ray (safe; 2% risk of failure)
Press: ? - help, Shift-Dir - straight line, f - Ijyb
Aim: Ijyb, wielding a +0 club, wearing a +0 chain mail and carrying a wand of mindburst (79% to hit)
The searing ray hits Ijyb!
Ijyb is moderately wounded. (Press . to maintain the ray.)
The searing ray hits Ijyb!
Ijyb is severely wounded.
Ijyb zaps a wand.
Your mind is blasted!
* * * LOW HITPOINT WARNING * * *
Unknown command.
The searing ray hits Ijyb.
Ijyb is severely wounded.
Ijyb zaps a wand.
Your mind is blasted!
You die...

##################
...........g..@..#
#####...########.#
#...# #.# #...#
#.# #...# #.#
#...# #.#
#####...########.#
....#..g#........#
#####...#######


You could see Ijyb.

Vanquished Creatures
  Grinder (D:3)
  3 adders
  A dart slug (D:2)
  2 orcs (D:3)
  6 endoplasms
  A giant cockroach (D:2)
  3 goblins
  5 hobgoblins
  6 ball pythons
  4 bats
  2 frilled lizards (D:1)
  5 kobolds
  5 rats
44 creatures vanquished.

Notes
Turn   | Place    | Note
-------+----------+-------------------------------------------
     0 | D:1      | hawla the Deep Elf Conjurer began the quest for the Orb.
     0 | D:1      | Reached XP level 1. HP: 10/10 MP: 6/6
   255 | D:1      | Reached XP level 2. HP: 15/15 MP: 2/8
   258 | D:1      | Learned a level 2 spell: Searing Ray
   484 | D:1      | Found Neil's Jewellery Shoppe.
  1090 | D:2      | Reached XP level 3. HP: 20/20 MP: 5/9
  1236 | D:2      | Found a sparkling altar of Nemelex Xobeh.
  1546 | D:2      | Found a faded altar of an unknown god.
  2378 | D:3      | Found a sparkling altar of Nemelex Xobeh.
  2378 | D:3      | Found a faded altar of an unknown god.
  2386 | D:3      | Found a bloodstained altar of Trog.
  2388 | D:3      | Found a basalt altar of Yredelemnul.
  2390 | D:3      | Found a faded altar of an unknown god.
  2444 | D:3      | Reached skill level 1 in Fighting
  2476 | D:3      | Reached skill level 1 in Air Magic
  2476 | D:3      | Reached XP level 4. HP: 25/25 MP: 6/10
  2522 | D:3      | Noticed Ijyb
  2530 | D:3      | Noticed Grinder
  2541 | D:3      | Killed Grinder
  2542 | D:3      | Reached skill level 1 in Shields
  2542 | D:3      | Reached XP level 5. HP: 11/30 MP: 0/11
  2589 | D:3      | Blown up by Ijyb

Illustrated notes

Levels and vault maps discovered:
D:1:      lemuel_arrival_funnel, layout_basic, serial_shops, shop
D:2:      layout_basic, basic_altar, chequers_ecumenical_altar_simple_redux
D:3:      layout_loops_ring, chequers_temple_overflow_minitemple,
          serial_co_window_serial, co_window_paths_a, co_window_paths_a,
          co_window_paths_a, co_window_of_opportunity_a, co_window_paths_a,
          co_window_corner_cb, co_window_of_opportunity_b, co_window_corner_b,
          co_window_broadway_c, co_window_broadway_c, co_window_broadway_b,
          co_window_4corner_b, glass_columns_a, glass_columns_b,
          glass_columns_a, glass_columns_b, st_stairs_9, item_on_display_a,
          uniq_ijyb, uniq_grinder

Skill      XL: |  1  2  3  4 |
---------------+-------------+-----
Fighting       | 1 2 |  2.0
Air Magic      | 1 2 |  2.0
Translocations | 3 |  3.0
Stealth        | 3 |  3.4
Shields        | 1 |  1.2
Staves         | |  0.5
Dodging        | |  2.6
Spellcasting   | |  3.3
Conjurations   | |  4.5
Evocations     | |  0.6
Shapeshifting  | |  0.7

Action                     |  1- 3 |  4- 6 || total
---------------------------+-------+-------++-------
  Melee: Staff             |     3 |     2 ||     5
   Cast: Magic Dart        |    76 |     3 ||    79
         Searing Ray       |     6 |     4 ||    10
    Use: Scroll            |     4 |       ||     4
 Armour: Robe              |     5 |     4 ||     9
  Dodge: Dodged            |    10 |     3 ||    13
